Map: Orbital Shipyard

Players

Liberation - Winner!

  • Race: Terran Terran
  • League: Silver

wabbajack

  • Race: Terran Terran
  • League: Gold

VOD

Have the link to the VOD?

Description

Time

  • Played on: July 17, 2015, 5:08 p.m.
  • Length: 10:32
Show
View Real Time Build Order
Export as new Build Order

Liberation Terran - Winner!

Build Orders: Bio Tank, MMM Bio 

Get SALT Encoding   

  12  0:01  SCV  
  13  0:14  Supply Depot  
  13  0:18  SCV  
  14  0:24  Refinery  
  14  0:30  SCV  
  15  0:41  Barracks  
  15  0:45  SCV  
  16  0:57  SCV  
  16  1:03  Supply Depot  
  17  1:09  SCV  
  18  1:21  SCV  
  19  1:28  Marine  
  20  1:33  Factory  
  20  1:37  Orbital Command  
  20  1:46  Marine  
  21  2:11  Command Center  
  21  2:13  SCV  
  22  2:16  Factory Tech Lab  
  22  2:17  Marine  
  23  2:25  SCV  
  24  2:30  Refinery  
  24  2:35  Siege Tank, Marine  
  28  2:41  Supply Depot  
  28  2:44  SCV  
  29  2:53  Marine  
  29  2:56  SCV  
  29  2:57  Barracks  
  31  3:08  SCV  
  32  3:15  Marine  
  32  3:16  Engineering Bay  
  33  3:25  Refinery  
  33  3:30  Starport  
  33  3:32  SCV  
  34  3:41  Orbital Command  
  34  3:44  SCV  
  34  3:46  Barracks Tech Lab  
  35  3:54  Missile Turret  
  35  3:57  Missile Turret  
  35  4:01  SCV  
  36  4:04  Marine  
  36  4:08  Stimpack  
  37  4:10  Starport Reactor  
  38  4:17  SCV  
  38  4:19  Missile Turret  
  38  4:20  SCV  
  39  4:29  SCV  
  40  4:32  SCV  
  40  4:33  Siege Tank  
  44  4:41  SCV  
  44  4:42  Barracks Reactor  
  45  4:46  Supply Depot, Refinery  
  45  4:49  Medivac  
  45  4:52  SCV  
  48  4:53  SCV  
  48  4:59  Terran Infantry Weapons Level 1  
  49  5:03  Supply Depot  
  50  5:07  SCV  
  50  5:09  SCV  
  51  5:16  Sensor Tower  
  51  5:20  Marine  
  52  5:23  Barracks  
  52  5:24  SCV  
  53  5:30  Medivac  
  53  5:31  Marine  
  53  5:33  SCV  
  57  5:36  SCV  
  58  5:48  SCV  
  59  5:53  Supply Depot  
  59  5:55  Medivac  
  59  5:56  Marine x2  
  63  6:00  Medivac  
  63  6:01  SCV  
  66  6:06  Marine  
  66  6:08  Siege Tank  
  70  6:13  SCV, Barracks Reactor  
  70  6:14  Marine  
  72  6:24  Marine  
  72  6:25  Marine  
  74  6:27  SCV  
  74  6:31  Combat Shields  
  74  6:32  Command Center, Marine  
  76  6:42  Marine  
  76  6:43  Marine  
  78  6:49  Siege Tank  
  78  6:50  Marine  
  78  6:51  Marine x2  
  84  7:00  Marine x2  
  86  7:04  Barracks  
  86  7:05  Barracks  
  86  7:18  Supply Depot x2  
  86  7:20  Supply Depot  
  86  7:22  Terran Infantry Armor Level 1  
  86  7:39  SCV, Marine x5  
  86  7:42  SCV  
  84  7:51  SCV  
  84  7:55  Marine x2  
  84  7:57  Marine x5  
  90  7:59  SCV  
  90  8:03  SCV  
  92  8:11  SCV  
  93  8:12  Marine  
  93  8:13  Marine  
  93  8:14  Marine x5  
  93  8:15  SCV  
  93  8:17  Planetary Fortress  
  101  8:23  SCV  
  101  8:26  Armory  
  102  8:28  SCV, Supply Depot  
  102  8:31  Barracks Reactor  
  102  8:32  Marine x3  
  102  8:33  Barracks Reactor  
  106  8:35  SCV  
  106  8:38  Medivac x2  
  106  8:39  Marine  
  106  8:40  Supply Depot, SCV  
  113  8:47  SCV, Marine  
  115  8:50  Supply Depot, Marine x3  
  115  8:52  SCV  
  119  8:56  Marine  
  119  8:57  Refinery  
  119  8:59  SCV  
  119  9:00  Refinery  
  121  9:04  SCV, Sensor Tower  
  121  9:05  Marine  
  121  9:08  Marine x3  
  121  9:09  Marine x2  
  128  9:11  SCV  
  128  9:12  Marine  
  128  9:13  Marine  
  128  9:14  Marine  
  132  9:18  Supply Depot  
  132  9:20  Supply Depot  
  132  9:23  Marine  
  133  9:24  SCV  
  133  9:26  Marine x3  
  133  9:27  Medivac, Marine  
  133  9:28  Medivac  
  133  9:30  Marine  
  143  9:32  Marine  
  143  9:33  Marine  
  143  9:35  Marine  
  143  9:37  SCV  
  147  9:41  Marine  
  147  9:44  Marine x3  
  151  9:53  Marine  
  151  9:57  Marine, Medivac  
  151  9:58  Medivac  
  157  10:01  Marine  
  157  10:09  SCV  
  157  10:11  SCV  
  157  10:12  Marine x3  
Show
View Real Time Build Order
Export as new Build Order

wabbajack Terran 

Build Orders: Liberator Opening, MMM Bio 

Get SALT Encoding   

  12  0:02  SCV  
  13  0:14  SCV  
  13  0:19  Supply Depot  
  14  0:26  SCV  
  15  0:29  Refinery  
  15  0:40  SCV  
  16  0:52  SCV  
  16  0:56  Barracks  
  17  1:04  SCV  
  18  1:16  SCV  
  19  1:29  SCV  
  20  1:46  Factory  
  21  1:48  Orbital Command  
  21  1:52  Refinery  
  20  1:57  Barracks  
  20  2:00  Barracks Reactor  
  20  2:15  Command Center  
  20  2:21  SCV  
  21  2:33  SCV  
  22  2:37  Supply Depot  
  22  2:39  Factory Reactor  
  22  2:44  Barracks Tech Lab  
  22  2:48  Starport  
  22  2:53  Marine  
  23  2:59  Marine  
  23  3:00  SCV  
  25  3:05  Supply Depot  
  25  3:11  Marine  
  26  3:22  Marine x2  
  28  3:31  Marine  
  28  3:33  Hellion  
  31  3:36  SCV  
  31  3:39  Orbital Command  
  31  3:40  Liberator, Marine x2  
  34  3:51  SCV  
  34  3:54  Medivac  
  40  4:09  Armory  
  40  4:13  Hellion, Marine x2  
  40  4:17  Marine  
  44  4:21  Combat Shields  
  45  4:30  SCV x2  
  47  4:35  Supply Depot  
  47  4:36  Supply Depot  
  47  4:39  Liberator  
  47  4:41  Marine  
  47  4:42  SCV  
  49  4:55  Medivac  
  49  4:58  Hellion, Marine  
  49  4:59  Marine x2  
  58  5:03  SCV  
  58  5:04  SCV  
  61  5:08  Supply Depot  
  50  6:10  Marine x2  
  52  6:11  Marauder  
  52  6:16  Barracks  
  52  6:18  Barracks x2  
  52  6:22  SCV x2, Barracks  
  52  6:23  Barracks  
  54  6:28  Factory Tech Lab  
  54  6:34  SCV x2  
  54  6:38  Engineering Bay x2  
  54  6:39  Refinery  
  56  6:46  SCV x2  
  58  6:49  Stimpack  
  58  6:50  Marine x2  
  58  6:52  Siege Tank  
  63  6:54  Viking  
  63  6:55  Medivac  
  63  6:57  Marauder  
  63  6:58  SCV x2  
  71  7:03  Terran Vehicle And Ship Armor Level 1  
  71  7:10  SCV x2  
  74  7:22  SCV  
  74  7:25  Command Center  
  74  7:30  Refinery  
  74  7:33  Terran Infantry Weapons Level 1  
  74  7:34  Terran Infantry Armor Level 1  
  74  7:37  Barracks Reactor  
  74  7:38  Barracks Reactor  
  56  8:01  Barracks Reactor  
  56  8:02  Barracks Reactor  
  56  8:05  Barracks Reactor  
  56  8:06  Marine  
  56  8:07  Marine x2  
  59  8:20  Command Center  
  59  8:24  Marine x2  
  59  8:25  Marine  
  59  8:26  Missile Turret  
  62  8:28  Missile Turret  
  62  8:34  Missile Turret  
  62  8:38  Siege Tank  
  65  8:42  Marine x3  
  68  8:56  Orbital Command  
  68  9:00  Marine  
  69  9:03  SCV  
  69  9:05  Missile Turret  
  70  9:13  Supply Depot  
  70  9:14  Marine  
Tags
 
Add a new tag
Caveats
  • Supply blocks, unpowered buildings, or Contaminate may cause inaccurate times.
  • Supply counts are checked every 10 seconds.